 Dungeon Crawl Stone Soup version 0.27.0-1-g7a089689b8 (webtiles) character file.

Game seed: 425500510557972038

449 theswoord the Twirler (level 6, -12/44 HPs)
             Began as a Demonspawn Gladiator on Aug 8, 2021.
             Was an Initiate of Wu Jian.
             Mangled by an ice beast (14 damage)
             ... on level 5 of the Dungeon.
             The game lasted 00:05:55 (3215 turns).

theswoord the Twirler (Demonspawn Gladiator)        Turns: 3215, Time: 00:05:56

Health: -12/44     AC:  9    Str: 14    XL:     6   Next: 74%
Magic:  6/6        EV:  6    Int:  9    God:    Wu Jian [......]
Gold:   58         SH:  0    Dex: 17    Spells: 5/5 levels left

rFire    + . .     SeeInvis .   a - +0 quarterstaff
rCold    . . .     Faith    .   (shield currently unavailable)
rNeg     . . .     Spirit   .   i - +0 chain mail
rPois    .         Reflect  .   c - +0 helmet
rElec    .         Harm     .   (no cloak)
rCorr    .         Rampage  .   (no gloves)
Will     .....                  (no boots)
Stlth    ..........             (no amulet)
HPRegen  0.14/turn              k - ring of protection from fire
MPRegen  0.20/turn              (no ring)

@: no status effects
A: magic regeneration
a: Renounce Religion


You were on level 5 of the Dungeon.
You worshipped Wu Jian.
Wu Jian was noncommittal.
You visited 1 branch of the dungeon, and saw 5 of its levels.

You collected 58 gold pieces.

Inventory:

Hand Weapons
 a - a +0 quarterstaff (weapon)
Armour
 b - a +0 leather armour
 c - a +0 helmet (worn)
 e - a +0 pair of boots
 i - a +0 chain mail (worn)
Jewellery
 k - a ring of protection from fire (left hand)
Scrolls
 f - a scroll of teleportation
 j - a scroll of silence
 l - a scroll of vulnerability
 m - a scroll of fog {unknown}
Potions
 g - a potion of heal wounds
 h - 2 potions of curing {unknown}
 n - a potion of cancellation {unknown}


   Skills:
 - Level 2.0 Fighting
 + Level 7.0 Staves
 - Level 1.7 Throwing
 - Level 2.6 Dodging


You had 5 spell levels left.
You didn't know any spells.
Your spell library was empty.

Dungeon Overview and Level Annotations

Branches:
Dungeon (6/15)
 Temple: D:4-7

Altars:
Hepliaklqana
Qazlal
Wu Jian


Innate Abilities, Weirdness & Mutations

You regenerate magic rapidly.


Message History

The ice beast barely misses you.
You hit the ice beast.
The ice beast is severely wounded.
You hit the ice beast but do no damage.
The ice beast is severely wounded.
The ice beast closely misses you.
You hit the ice beast.
The ice beast is severely wounded.
The ice beast hits you. The ice beast freezes you!
Your chain mail prevents you from hitting the ice beast.
The ice beast is severely wounded.
The ice beast hits you but does no damage.
Your chain mail prevents you from hitting the ice beast.
The ice beast is severely wounded.
The ice beast closely misses you.
You closely miss the ice beast.
The ice beast is severely wounded.
The ice beast hits you but does no damage.
You barely miss the ice beast.
The ice beast is severely wounded.
The ice beast hits you but does no damage.
Your chain mail prevents you from hitting the ice beast.
The ice beast is severely wounded.
The ice beast hits you but does no damage.
You closely miss the ice beast.
The ice beast is severely wounded.
The ice beast hits you. The ice beast freezes you!
* * * LOW HITPOINT WARNING * * *
You closely miss the ice beast.
The ice beast is severely wounded.
The ice beast hits you.
* * * LOW HITPOINT WARNING * * *
The ice beast freezes you!
* * * LOW HITPOINT WARNING * * *
You hit the ice beast.
The ice beast is almost dead.
The ice beast hits you.
* * * LOW HITPOINT WARNING * * *
The ice beast freezes you!
You die...

................#.#
#.#
#..####.#######.#.#
#.# .. #.# #.#.#
#.# # #.# #.#.# #.#
#.# #...# .#
#.#######.###
#.#....?..####
#.#.##.......#
#..@....# #..Y....#
#.........#
#.......###
#.......# #..(....#
.....#### ....$.#


You could see an ice beast.

Vanquished Creatures
  An ogre (D:5)
  2 scorpions (D:5)
  A gnoll shaman (D:5)
  2 iguanas (D:5)
  Terence (D:2)
  6 adders
  3 gnolls (D:5)
  3 dart slugs (D:1)
  A worm (D:3)
  An orc (D:5)
  An endoplasm (D:1)
  A giant cockroach (D:1)
  4 hobgoblins
  6 jackals
  4 quokkas
  4 ball pythons
  3 bats
  3 frilled lizards
  7 goblins
  A kobold (D:1)
  4 rats
59 creatures vanquished.

Vanquished Creatures (others)
  An adder (D:5)
1 creature vanquished.

Grand Total: 60 creatures vanquished

Notes
Turn   | Place    | Note
-------+----------+-------------------------------------------
     0 | D:1      | theswoord the Demonspawn Gladiator began the quest for the
                  | Orb.
     0 | D:1      | Reached XP level 1. HP: 16/16 MP: 1/1
   117 | D:1      | Reached skill level 3 in Staves
   183 | D:1      | Gained mutation: You regenerate magic rapidly. [demonic
                  | ancestry]
   183 | D:1      | Reached XP level 2. HP: 18/22 MP: 2/2
   987 | D:2      | Reached XP level 3. HP: 14/27 MP: 3/3
  1101 | D:2      | Reached skill level 4 in Staves
  1305 | D:2      | Found an ornate altar of the Wu Jian Council.
  1358 | D:2      | Became a worshipper of the Wu Jian Council
  1382 | D:2      | Noticed Terence
  1392 | D:2      | Killed Terence
  1422 | D:2      | Reached XP level 4. HP: 33/33 MP: 4/4
  1955 | D:2      | Reached skill level 5 in Staves
  2239 | D:3      | You fall into a shaft and drop 3 floors!
  2246 | D:5      | Entered Level 5 of the Dungeon
  2253 | D:5      | Reached XP level 5. HP: 15/38 MP: 5/5
  2497 | D:5      | Reached skill level 6 in Staves
  2497 | D:5      | Reached XP level 6. HP: 22/44 MP: 6/6
  2740 | D:5      | Found a stormy altar of Qazlal.
  2919 | D:5      | Found a hazy altar of Hepliaklqana.
  3089 | D:5      | Reached skill level 7 in Staves
  3194 | D:5      | Noticed an ice beast
  3215 | D:5      | HP: 2/44 [ice beast (2)]
  3215 | D:5      | Mangled by an ice beast

Skill      XL: |  1  2  3  4  5  6 |
---------------+-------------------+-----
Staves         | 3 4 5 6 7 |  7.0
Fighting       | |  2.0
Throwing       | |  1.7
Dodging        | |  2.6

Action                   |  1- 3 |  4- 6 || total
-------------------------+-------+-------++-------
Melee: Quarterstaff      |   102 |   139 ||   241
Throw: Throwing net      |       |     3 ||     3
Invok: Lunge             |       |     9 ||     9
  Use: Scroll            |     4 |       ||     4
       Potion            |     1 |     2 ||     3
 Stab: Held in net/web   |       |     2 ||     2
Armor: Leather armour    |    34 |       ||    34
       Chain mail        |       |    75 ||    75
       Skin              |       |    11 ||    11
Dodge: Dodged            |    56 |    33 ||    89

Levels and vault maps discovered:
D:1:      lemuel_arrival_tunnels, layout_basic, hangedman_decor_points
D:2:      layout_basic, basic_altar, uniq_terence
D:3:      layout_basic, st_stairs_14, nicolae_underground_beach
D:5:      layout_loops_ring, grunt_qazlal_clouds, lemuel_tele_altar
D:6:      layout_gridville, uniq_edmund
